Cogmind - Beta 13 @@@ ROGUE MODE // 2024.06.09 @ 11:36:04 Player: ExAnimoso Result: Destroyed by Autobeam Turret with Autobeam Performance ------------- Evolutions (0) 0 Regions Visited (3) 600 Robots Destroyed (33) 165 Value Destroyed (798) 798 Prototype IDs (1) 20 Alien Tech Used (0) 0 Bonus (-88) -88 TOTAL SCORE: 1495 Bonus ------- Friendly Fire -88 Cogmind --------- Core Integrity 0/250 Matter 179/300 Energy 200/200 System Corruption 0% Temperature Cool (6) Movement Treading (160) Location -10/Subcaves Parts ------- > --- POWER (1) -------- Subdweller Power Source > --- PROPULSION (2) --- Spiked Treads Spiked Treads > --- UTILITY (2) ------ Scrap Shield > --- WEAPON (2) ------- Particle Gun Rocket Launcher > --- INVENTORY (5) ---- Light Nuclear Core Spiked Treads Huge Storage Unit Light Armor Plating Particle Gun Peak State ------------ > --- POWER ------------ Light Nuclear Core > --- PROPULSION ------- Spiked Treads Spiked Treads > --- UTILITY ---------- Scrap Shield > --- WEAPON ----------- Particle Gun Rocket Launcher > --- INVENTORY -------- Light Nuclear Core Huge Storage Unit Light Armor Plating Particle Gun Scrap Shield Fragment [Rating: 15] Favorites ----------- Power Light Nuclear Core Engine Ion Engine Power Core Light Nuclear Core Propulsion Light Treads Treads Light Treads Leg Aluminum Leg Utility Light Armor Plating Storage Small Storage Unit Processor Improved Targeting Computer Protection Light Armor Plating Weapon Particle Gun Energy Gun Particle Gun Energy Cannon Beam Cannon Ballistic Gun Improved Assault Rifle Launcher Rocket Launcher Build | -11 -10 -10 -10 ------- Run | Yrd Mat Min Sub Slots Evolved . | . . . . Power . | . . . . Propulsion . | . . . . Utility . | . . . . Weapon . | . . . . Parts Attached 23 | 6 9 2 6 Power 4 | 1 1 1 1 Engine 3 | 1 1 . 1 Core 1 | . . 1 . Reactor . | . . . . Propulsion 6 | 2 1 . 3 Treads 5 | 2 1 . 2 Leg 1 | . . . 1 Wheel . | . . . . Hover . | . . . . Flight . | . . . . Utility 7 | 1 5 . 1 Device . | . . . . Storage 2 | 1 1 . . Processor 3 | . 3 . . Hackware . | . . . . Protection 2 | . 1 . 1 Artifact . | . . . . Weapon 6 | 2 2 1 1 Energy Gun 1 | . . 1 . Energy Cannon 1 | . 1 . . Ballistic Gun 3 | 2 1 . . Ballistic Cannon . | . . . . Launcher 1 | . . . 1 Special Weapon . | . . . . Impact Weapon . | . . . . Slashing Weapon . | . . . . Piercing Weapon . | . . . . Special Melee Weapon . | . . . . Unidentified Prototypes 1 | . 1 . . Parts Lost 5 | . 3 1 1 Power 1 | . 1 . . Propulsion 3 | . 1 1 1 Utility . | . . . . Weapon 1 | . 1 . . Highest Loss Streak 1 | . 1 1 1 To Critical Strikes . | . . . . Average Slot Usage (%) 88 | . 92 90 80 Engine 6 | . 13 . 6 Core 6 | . . 13 7 Treads 23 | . 28 19 23 Processor 10 | . 13 14 . Protection 10 | . 5 14 13 Energy Gun 8 | . . 13 14 Energy Cannon 4 | . 11 . . Ballistic Gun 12 | . 16 14 2 Launcher 2 | . . . 11 Naked Turns . | . . . . Heaviest Build 88 | 13 88 14 30 Greatest Support 40 | 40 40 40 40 Greatest Overweight (x) 9 | 1 2 . 9 Average Overweight (x) . | . . . . Largest Inventory Capacity 25 | 8 25 5 5 Average Capacity 5 | 7 5 5 5 Most Carried 5 | 4 5 5 5 Average Carried 4 | 1 4 4 4 Final Capacity 8 | 8 5 5 5 Final Carried 5 | 2 5 5 5 Class Distribution -------------------- 100% | Mutant Dominant Class ---------------- Mutant | -10/Materials Mutant | -10/Mines Mutant | -10/Subcaves Resources | -11 -10 -10 -10 ----------- Run | Yrd Mat Min Sub Matter Collected 649 | 225 280 56 88 Remotely . | . . . . Salvage Created 974 | . 706 143 125 Parts 56 | . 27 10 19 Haulers Intercepted 2 | . 2 . . Recyclers Shooed 2 | . 2 . . Parts Field Recycled . | . . . . Retrieved Matter . | . . . . Parts Self-Destructed 14 | . . . 14 Prevented . | . . . . Kills | -11 -10 -10 -10 ------- Run | Yrd Mat Min Sub Combat Hostiles Destroyed 25 | . 8 5 12 Guns 12 | . 5 5 2 Cannons 3 | . 3 . . AOE 10 | . . . 10 Classes Destroyed 8 | . 4 1 3 Hauler 2 | . 2 . . Recycler 3 | . 3 . . Turret 1 | . . . 1 Watcher 2 | . 2 . . Swarmer 9 | . . 3 6 Grunt 10 | . 8 2 . Sentry 1 | . . . 1 Subdweller 5 | . . . 5 Best Kill Streak 6 | . 2 3 6 Combat Bots Only 5 | . 1 3 5 Max Kills in Single Turn 2 | . 1 1 2 Gunslinging . | . . . . Exploded 2 | . . . 2 Melee . | . . . . Uniques/NPCs Destroyed . | . . . . Combat | -11 -10 -10 -10 -------- Run | Yrd Mat Min Sub Hostile Shots Fired 124 | . 66 17 41 Missed 32 | . 11 5 16 Damage Taken 1253 | . 646 119 488 Core 253 | . 163 18 72 Absorbed by Shields . | . . . . Core Remaining (%) 100 | 100 . . . Volleys Fired 95 | . 66 12 17 Largest 2 | . 2 2 2 Hottest 98 | . 80 88 98 Shots Fired 181 | . 131 23 27 Gun 126 | . 94 19 13 Cannon 41 | . 37 4 . Launcher 14 | . . . 14 Special . | . . . . Kinetic 106 | . 94 12 . Thermal 61 | . 37 11 13 Explosive 14 | . . . 14 Electromagnetic . | . . . . Robot Hit Streak 13 | . 13 7 5 Robot Miss Streak 3 | . 2 3 3 Penetration Max . | . . . . Secondary Targets 1 | . . 1 . Max Gunslinging Chain 1 | . . 1 . Shots Hit Robots 129 | . 96 15 18 Core Hits 57 | . 28 7 22 Critical Kills . | . . . . Critical Parts Destroyed . | . . . . Critical Strikes . | . . . . Melee Attacks . | . . . . Impact . | . . . . Slashing . | . . . . Piercing . | . . . . Sneak Attacks . | . . . . Combat Hostiles . | . . . . Follow-up Attacks . | . . . . Damage Inflicted 2850 | . 1222 255 1373 Guns 1006 | . 680 202 124 Cannons 584 | . 532 52 . Explosions 1249 | . . . 1249 Melee . | . . . . Ramming 11 | . 10 1 . Kinetic 835 | . 680 155 . Thermal 755 | . 532 99 124 Explosive 1249 | . . . 1249 Electromagnetic . | . . . . Impact . | . . . . Slashing . | . . . . Piercing . | . . . . Highest Corruption . | . . . . Average Corruption . | . . . . Corruption Purged . | . . . . Corruption Blocked . | . . . . Overload Shots . | . . . . Overflow Damage 10 | . 10 . . Projectiles 10 | . 10 . . Explosions . | . . . . Melee . | . . . . Knockbacks . | . . . . Impact . | . . . . Kinetic . | . . . . Secondary . | . . . . Self-Inflicted Damage 62 | . . . 62 Shots 2 | . . . 2 Rammed 1 | . . 1 . Targets Rammed 3 | . 2 1 . Kicked . | . . . . Crushed 2 | . 2 . . Highest Temperature 377 | . 377 210 1 Average Temperature 118 | . 130 86 1 Received Heat Transfer 456 | . 375 27 54 Effects 4 | . 4 . . Energy Bleed 2 | . 2 . . Interference 2 | . 2 . . Siege Activations . | . . . . Robots Corrupted . | . . . . Combat Hostiles . | . . . . Parts Fried . | . . . . Impact Corruptions . | . . . . Robots Melted . | . . . . Combat Hostiles . | . . . . Parts Melted 2 | . 1 1 . Heat Transferred 1591 | . 1073 222 296 Parts Sabotaged . | . . . . Parts Stolen . | . . . . Parts Stripped . | . . . . Power Chain Reactions . | . . . . Alert | -11 -10 -10 -10 ------- Run | Yrd Mat Min Sub Peak Influence 145 | . 145 121 . Initial 1 | . . 1 . Average 38 | . 47 30 . Maximum Alert Level . | . . . . Low Security (%) 100 | 100 100 100 . Level 1 . | . . . . Level 2 . | . . . . Level 3 . | . . . . Level 4 . | . . . . Level 5 . | . . . . High Security . | . . . . Max Security . | . . . . Squads Dispatched 2 | . 2 . . Investigation 1 | . 1 . . Extermination . | . . . . Reinforcement 1 | . 1 . . Assault . | . . . . Garrison . | . . . . Intercept . | . . . . Searches Triggered . | . . . . Construction Impeded . | . . . . Haulers Reinforced . | . . . . Active Scanning Responses . | . . . . Cargo Convoy Interrupts . | . . . . Stealth | -11 -10 -10 -10 --------- Run | Yrd Mat Min Sub Distress Signals . | . . . . Communications Jammed . | . . . . Distress Signals . | . . . . Times Spotted 45 | . 14 6 25 Peak Tracking Total 6 | . 3 3 6 Tactical Retreats 4 | . 1 . 3 Traps | -11 -10 -10 -10 ------- Run | Yrd Mat Min Sub Traps Triggered 1 | . 1 . . Indirectly . | . . . . Trap Hack Attempts . | . . . . Triggered . | . . . . Disarmed . | . . . . Reprogrammed . | . . . . Reused . | . . . . Traps Extracted . | . . . . Installed . | . . . . Triggered . | . . . . Machines | -11 -10 -10 -10 ---------- Run | Yrd Mat Min Sub Machines Disabled 3 | . . . 3 Max in Single Turn 2 | . . . 2 Machines Repaired . | . . . . Machines Dismantled . | . . . . Machines Sabotaged . | . . . . Overloaded Fab Kills . | . . . . Hacking | -11 -10 -10 -10 --------- Run | Yrd Mat Min Sub Machines Accessed 7 | . 7 . . Terminals 7 | . 7 . . Fabricators . | . . . . Repair Stations . | . . . . Recycling Units . | . . . . Scanalyzers . | . . . . Garrison Access . | . . . . Total Hacks 18 | . 18 . . Successful 8 | . 8 . . Failed 9 | . 9 . . Catastrophic 2 | . 2 . . Database Lockouts 1 | . 1 . . Manual 10 | . 10 . . Terminals 18 | . 18 . . Fabricators . | . . . . Repair Stations . | . . . . Recycling Units . | . . . . Scanalyzers . | . . . . Garrison Access . | . . . . Terminal Hacks 8 | . 8 . . Robot Analysis 3 | . 3 . . Branch Access Points 1 | . 1 . . Emergency Access Points 1 | . 1 . . Unreport Threat 2 | . 2 . . Locate Traps 1 | . 1 . . Fabricator Hacks . | . . . . Repair Station Hacks . | . . . . Recycling Unit Hacks . | . . . . Scanalyzer . | . . . . Garrison Access Hacks . | . . . . Unauthorized Hacks . | . . . . Terminals . | . . . . Fabricators . | . . . . Repair Stations . | . . . . Recycling Units . | . . . . Scanalyzers . | . . . . Garrison Access . | . . . . Data Cores Recovered . | . . . . Used . | . . . . Hacking Detections 6 | . 6 . . Full Trace Events 1 | . 1 . . Feedback Events . | . . . . Feedback Blocked . | . . . . Robot Schematics Acquired . | . . . . Robots Built . | . . . . Authchips . | . . . . Time . | . . . . Total Robot Build Rating . | . . . . Part Schematics Acquired . | . . . . Parts Built . | . . . . Authchips . | . . . . Time . | . . . . Total Part Build Rating . | . . . . Parts Repaired . | . . . . Time . | . . . . Parts Recycled . | . . . . Recycled Matter . | . . . . Retrieved Matter . | . . . . Retrieved Components . | . . . . Parts Scanalyzed . | . . . . Part Schematics Acquired . | . . . . Parts Damaged . | . . . . Bothacking | -11 -10 -10 -10 ------------ Run | Yrd Mat Min Sub Used RIF Installer . | . . . . Robots Hacked . | . . . . Non-combat . | . . . . Combat . | . . . . Robot Hacks Applied . | . . . . Relay Couplers Released . | . . . . Fabnet Peak Effective % . | . . . . Robots Rewired . | . . . . Allies Hacked . | . . . . Hacks Repelled . | . . . . Allies | -11 -10 -10 -10 -------- Run | Yrd Mat Min Sub Total Allies 3 | . . 3 . Largest Group 3 | . . 3 3 Highest-Rated Group 40 | . . 40 40 Highest-Rated Ally 16 | . . 16 16 Total Orders . | . . . . Ally Attacks 19 | . . 14 5 Total Damage 183 | . . 121 62 Kills 3 | . . 3 . Allies Corrupted . | . . . . Allies Melted . | . . . . Intel | -11 -10 -10 -10 ------- Run | Yrd Mat Min Sub Robot Analysis Total 3 | . 3 . . Derelict Logs Recovered 3 | . . 2 1 Drone Launches . | . . . . Drone Recoveries . | . . . . Exploration | -11 -10 -10 -10 ------------- Run | Yrd Mat Min Sub Turns Passed 3552 | 65 1355 1246 886 Spaces Moved 1913 | 35 672 745 461 Core 8 | 5 . . 3 Treads 1899 | 30 672 745 452 Legs 6 | . . . 6 Wheels . | . . . . Hover . | . . . . Flight . | . . . . Fastest Speed 50 | 50 160 160 160 Average Speed 163 | 148 160 160 176 Slowest Speed 500 | 160 320 160 500 Overloaded Moves . | . . . . Propulsion Burnouts . | . . . . Robots Hopped . | . . . . Cave-ins Triggered . | . . . . Exploration Rate (%) 50 | 3 77 99 24 Regions Visited 3 Branch Regions 2 Pre-discovered Areas . | . . . . Known Exits Taken 1 | . 1 . . Unknown Exits Taken 2 | 1 . 1 . Scrap Searched 2 | . . 2 . Spaces Dug . | . . . . Terrain Destroyed 61 | . . . 61 Melee . | . . . . Projectile . | . . . . AOE 61 | . . . 61 Terrain Rammed . | . . . . Walls Destroyed . | . . . . Machines Disabled . | . . . . Actions | -11 -10 -10 -10 --------- Run | Yrd Mat Min Sub Total 2163 | 48 832 776 507 Wait 86 | . 64 12 10 Move 1910 | 34 671 744 461 Hop . | . . . . Pick Up 24 | 8 11 2 3 Fast Attach 9 | . 4 1 4 Attach 9 | 6 3 . . Detach 2 | . 1 . 1 Swap 6 | . 3 1 2 Drop 16 | . 7 3 6 Fire 95 | . 66 12 17 Melee . | . . . . Ram . | . . . . Kick . | . . . . Crush 3 | . 2 1 . Escape Stasis . | . . . . Rewire . | . . . . Trap . | . . . . Miscellaneous 3 | . . . 3 Route ------- -11/Scrapyard -10/Materials (discovered 3 exits: [*Mat x2] / *Min) -10/Mines (discovered 3 exits: [*Mat x2] / [*Sub]) -10/Subcaves (discovered 1 exit: [*Rec]) History --------- Turn | Location | Event 18 | -11/Scrapyard | Discovered new exit (range 16) 66 | -11/Scrapyard | Entered Materials 306 | -10/Materials | Build established: Mutant 366 | -10/Materials | Discovered new exit (range 5) 599 | -10/Materials | Core integrity fell below 50% 714 | -10/Materials | Discovered new exit (range 6) 1044 | -10/Materials | Identified exit to Mines 1068 | -10/Materials | Central database locked down 1114 | -10/Materials | Discovered new exit (range 16) 1421 | -10/Materials | Entered Mines 1422 | -10/Mines | Assembled infested the area 1429 | -10/Mines | Met a Derelict bent on vengeance 1677 | -10/Mines | Assisted by bots powering up and referring to "LRC-V3" 1942 | -10/Mines | Discovered new exit (range 7) 2001 | -10/Mines | Discovered new exit (range 8) 2048 | -10/Mines | Learned Materials emergency access door positions 2069 | -10/Mines | Received a Rocket Launcher from a helpful Derelict 2151 | -10/Mines | Learned Materials stockpile data 2645 | -10/Mines | Discovered new exit (range 15) 2667 | -10/Mines | Entered Subcaves 2667 | -10/Subcaves | Accompanied by 3 allies 2844 | -10/Subcaves | Ambushed by swarm of Subdwellers 2852 | -10/Subcaves | Ambushed by Subdwellers from Twisted Machinery 2854 | -10/Subcaves | Ambushed by Subdweller buried in earth 2855 | -10/Subcaves | Core integrity fell below 20% 2883 | -10/Subcaves | Lost 6 allies 2953 | -10/Subcaves | A swath of the cavern ceiling suddenly collapsed 3532 | -10/Subcaves | Ambushed by Subdweller buried in earth 3538 | -10/Subcaves | Discovered new exit (range 8) 3553 | -10/Subcaves | Destroyed by Autobeam Turret with Autobeam Last Messages --------------- 03466_ Flight Unit fries itself beyond repair. 03474_ Subatomizers dissect the Sub. Optics. 03526_ S-10 Pest destroyed. 03532_ Lgt. Assault Rifle fries itself beyond repair. 03533_ OK-ZC5(R): "ARGHSUB!" 03535_ The unstable cave ceiling collapses. 03538_ EXIT=FOUND 03538_ OK-ZC5(R) suffers critical hit (Destroy). 03538_ OK-ZC5(R) destroyed. 03541_ Y-45 Defender destroyed. 03544_ S-10 Pest destroyed. 03546_ The unstable cave ceiling collapses. 03549_ Machine disabled. 03550_ The unstable cave ceiling collapses. 03551_ S-10 Pest destroyed. 03551_ Machine disabled. 03553_ Autobeam Turret destroyed. Map ----- +----------------------------------------------------+ | ?????????????????????????# % ##?? | | ??????????????????????##### %= #?? | | ?????????????????????## # #" ## #?? | | ????????????????????### ##### ##?? | | ????????????????????# #= ###?###??? | | ??????????????????#####[&% ###????? | | ?????????????????## % #????? | | ?????????????????# " * !==%! % | | ?????????????????#""! ! & ### | | ?????????????????#" ## ! ### | | ?????????????????#" # ### | | ?????????????????#" """ ###?? | | ?????????????????# #### #"# #????# | | ????????????????#" #??### ### ??? ? | | ????????????????## ### ##???## #?? #?? ? | | ?????????????????##??###????# #?? #??## ??? | | ??????????????????###????#### #?? #??????? | | ?????????????????## ###### ## ##?? #?????? | | ?????????????????# ## #???#" #?????? | | ?????????????????# # ###???#""" ##?????? | | ?????????????????# ###??;;?"######??????? | | ?????????????????# #;# #;#??""???????????? | | ?????????????????### ### ##;;#"#??#???????????? | | ???????????????????#### ;;;;"##??????????????? | | ?????????????????????# ####"#??????????????? | | ?????????????????????# @ #??# #??????????????? | | ?????????????? #???# ?????????????? | | ?????????? %! t = #???? ????????????? | | ???????????% < #????? ???????????? | | ??????????? [ #?????? #??????????? | | ????????????## # #?????? #??????????? | | ?????????????# #??????#???????????? | | ?????????????# "?????????????????? | | ?????????????## ### ##"#???????????????? | | ??????????????#??? % #??#???????????????? | | ????????????????? ## #??????????????????? | | ???????????????? #?? #??????????????????? | | ???????????????? ##??? #??????????????????? | | ?????????????????? ?????# ??????????????????? | | ?????????????????? ??????# ??????????????????? | | ????????????????? ???????? ?????????????????? | | ????????????????####????????? #?????????????????? | | ?????????????????????????????? #?????????????????? | | ?????????????????????????????????????????????????? | | ?????????????????????????????????????????????????? | | ?????????????????????????????????????????????????? | | ?????????????????????????????????????????????????? | | ?????????????????????????????????????????????????? | | ?????????????????????????????????????????????????? | | ?????????????????????????????????????????????????? | +----------------------------------------------------+ Best States ------------- Heat Dissipation 25 Energy Generation 15 Energy Capacity 250 Matter Stores 300 Matter Capacity 300 Sight Range 16 Terrain Scan Density 10 Armor Coverage 800 Evasion (%) 40 Targeting Accuracy 6 Recoil Reduction 2 Item Schematics ----------------- None Robot Schematics ------------------ None Fabricated ------------ Nothing Alien Tech Used ----------------- None Achievements -------------- Armchair Analyst I Survived The Infestation Challenges ------------ None Game ------ Seed UtilityGyrokineticBuckler Manual? 0 Play Time 00:33:27 Cumulative 5.5 hours Start 2024.06.09 @ 11:02:18 End 2024.06.09 @ 11:36:04 Sessions 1 Manual Loads 0 Difficulty Rogue Special Mode None Game No. 3 Rogue 1 Adventurer 0 Explorer 2 Win Type - Total 0 Types 0/0/0/0/0/0/0/0/0 Lore% 8 Gallery% 11 Achievement% 17 Wizard Run 0 Options --------- Layout 1 ASCII 0 Keyboard 0 Movement Mouse Keybinds 0 Fullscreen 2 Font 24/Smallcaps Map View 50x35 Zoom Use 0% Tactical HUD 1 Map Filters NONE Filters NONE Steam 1 RUN: eeb9beb1-7af8-47fc-ab9b-8d0cd86aba20